[ PARTIDA AOE2 · #505699133 ]
UnrankedLituanos vs Goths
Equipo del jugador · VICT
Equipo rival · DERR
[ ANÁLISIS DE REPETICIÓN · EXTRAÍDO DE LA PARTIDA GRABADA ]
Feudal
11:43
Castillos
24:25
Imperial
—
| APM promedio | 86.4 |
| APM pico | 138 |
| eAPM promedio | 43.2 |
| Aldeanos / militares | 128 / 123 |
Foco
⚔️ 21.7% · 🌾 78.3%
Archer ×84 · Leitis ×16 · Knight ×12 · Spearman ×4 · Monk ×3 · Militia ×2
Feudal
17:37
Castillos
22:58
Imperial
—
| APM promedio | 45.7 |
| APM pico | 79 |
| eAPM promedio | 19.4 |
| Aldeanos / militares | 72 / 41 |
Foco
⚔️ 28.6% · 🌾 71.4%
Huskarl ×21 · Monk ×7 · Battering Ram ×5 · Knight ×4 · Skirmisher ×2 · Scorpion ×1
Mapa de la partida
Recursos iniciales + cada clic de construcción. Líneas = muros · curvas = relieve. ◆ oro · ⬟ piedra · ● bayas · ✦ reliquia · ◌ hueco del cierre
Tu base· Abierta — flanco sin cerrar
Base de digitallimao· Abierta — flanco sin cerrar
Terreno inicial suavizado · ◌ = hueco del cierre detectado · pasá el cursor para detalles
Inputs por minuto
— WryPig - - digitallimao
Build order — WryPig
Primeras 150 de 407 acciones detectadas
| 0:00 | Encolar | Villager (Male) |
| 0:01 | Encolar | Villager (Male) |
| 0:01 | Encolar | Villager (Male) |
| 0:02 | Construir | House |
| 0:05 | Investigar | Loom |
| 0:06 | Encolar | Villager (Male) |
| 0:07 | Construir | House |
| 0:18 | Encolar | Villager (Male) |
| 0:18 | Encolar | Villager (Male) |
| 0:18 | Encolar | Villager (Male) |
| 0:19 | Encolar | Villager (Male) |
| 0:24 | Encolar | Villager (Male) |
| 0:24 | Encolar | Villager (Male) |
| 0:56 | Construir | Lumber Camp |
| 2:06 | Encolar | Villager (Male) |
| 2:07 | Encolar | Villager (Male) |
| 3:03 | Encolar | Villager (Male) |
| 3:03 | Encolar | Villager (Male) |
| 3:19 | Construir | House |
| 3:38 | Encolar | Villager (Male) |
| 3:39 | Encolar | Villager (Male) |
| 4:06 | Construir | House |
| 4:07 | Encolar | Villager (Male) |
| 4:33 | Encolar | Villager (Male) |
| 4:33 | Encolar | Villager (Male) |
| 4:53 | Construir | Barracks |
| 4:56 | Construir | Mill |
| 5:05 | Encolar | Villager (Male) |
| 5:05 | Encolar | Villager (Male) |
| 5:17 | Encolar | Villager (Male) |
| 6:07 | Encolar | Villager (Male) |
| 6:09 | Encolar | Villager (Male) |
| 6:09 | Encolar | Villager (Male) |
| 6:29 | Encolar | Villager (Male) |
| 6:29 | Encolar | Villager (Male) |
| 6:39 | Construir | Mill |
| 6:44 | Encolar | Militia |
| 6:48 | Encolar | Militia |
| 6:52 | Construir | House |
| 7:18 | Encolar | Villager (Male) |
| 7:18 | Encolar | Villager (Male) |
| 7:29 | Encolar | Villager (Male) |
| 8:13 | Construir | Mining Camp |
| 8:16 | Encolar | Villager (Male) |
| 8:19 | Encolar | Villager (Male) |
| 8:38 | Construir | House |
| 8:45 | Encolar | Villager (Male) |
| 9:14 | Encolar | Villager (Male) |
| 9:14 | Encolar | Villager (Male) |
| 9:25 | Construir | Lumber Camp |
| 9:33 | Investigar | Feudal Age |
| 9:33 | Investigar | Feudal Age |
| 10:50 | Construir | Lumber Camp |
| 11:43 | Edad | Edad Feudal |
| 11:48 | Construir | Archery Range |
| 12:13 | Encolar | Villager (Male) |
| 12:13 | Encolar | Villager (Male) |
| 12:26 | Encolar | Archer |
| 12:26 | Encolar | Archer |
| 12:42 | Construir | Town Center |
| 12:48 | Encolar | Archer |
| 12:48 | Encolar | Archer |
| 14:02 | Construir | Farm |
| 14:03 | Construir | Farm |
| 14:03 | Construir | Farm |
| 14:04 | Encolar | Villager (Male) |
| 14:06 | Encolar | Villager (Male) |
| 14:23 | Investigar | Double-Bit Axe |
| 14:32 | Construir | Farm |
| 14:32 | Encolar | Villager (Male) |
| 14:51 | Construir | Mining Camp |
| 15:00 | Encolar | Villager (Male) |
| 15:09 | Encolar | Villager (Male) |
| 15:27 | Encolar | Villager (Male) |
| 15:47 | Encolar | Archer |
| 15:47 | Encolar | Archer |
| 15:51 | Construir | Blacksmith |
| 15:54 | Construir | Farm |
| 15:57 | Construir | Farm |
| 16:02 | Encolar | Villager (Male) |
| 16:07 | Construir | Mining Camp |
| 16:13 | Encolar | Villager (Male) |
| 16:18 | Construir | Blacksmith |
| 16:20 | Encolar | Archer |
| 16:20 | Encolar | Archer |
| 16:29 | Construir | House |
| 16:33 | Construir | House |
| 16:46 | Investigar | Fletching |
| 16:46 | Investigar | Fletching |
| 16:48 | Encolar | Villager (Male) |
| 16:48 | Encolar | Villager (Male) |
| 16:49 | Encolar | Villager (Male) |
| 16:58 | Encolar | Archer |
| 16:58 | Encolar | Archer |
| 17:01 | Construir | Archery Range |
| 17:10 | Construir | Farm |
| 17:10 | Encolar | Villager (Male) |
| 17:33 | Construir | House |
| 17:47 | Construir | Farm |
| 17:49 | Construir | Market |
| 17:56 | Encolar | Archer |
| 17:57 | Encolar | Archer |
| 17:57 | Encolar | Archer |
| 18:02 | Encolar | Spearman |
| 18:07 | Encolar | Villager (Male) |
| 18:07 | Encolar | Villager (Male) |
| 18:20 | Encolar | Villager (Male) |
| 18:21 | Encolar | Archer |
| 18:22 | Encolar | Archer |
| 18:51 | Encolar | Villager (Male) |
| 18:54 | Construir | Farm |
| 18:54 | Construir | Farm |
| 18:55 | Construir | Farm |
| 18:58 | Construir | House |
| 18:59 | Construir | House |
| 19:02 | Encolar | Archer |
| 19:02 | Encolar | Archer |
| 19:02 | Encolar | Archer |
| 19:03 | Encolar | Archer |
| 19:25 | Encolar | Archer |
| 19:25 | Encolar | Archer |
| 19:38 | Encolar | Villager (Male) |
| 19:38 | Encolar | Villager (Male) |
| 19:43 | Construir | Farm |
| 19:43 | Construir | Farm |
| 19:43 | Construir | Farm |
| 19:43 | Construir | Farm |
| 19:43 | Construir | Farm |
| 19:45 | Encolar | Villager (Male) |
| 19:51 | Encolar | Archer |
| 19:51 | Encolar | Archer |
| 20:21 | Encolar | Villager (Male) |
| 20:23 | Encolar | Villager (Male) |
| 20:27 | Investigar | Wheelbarrow |
| 20:40 | Encolar | Villager (Male) |
| 20:43 | Construir | House |
| 21:09 | Encolar | Villager (Male) |
| 21:15 | Construir | Farm |
| 21:16 | Construir | Farm |
| 21:17 | Construir | Farm |
| 21:45 | Investigar | Castle Age |
| 21:45 | Investigar | Castle Age |
| 21:45 | Investigar | Castle Age |
| 21:52 | Construir | Mining Camp |
| 22:02 | Encolar | Archer |
| 22:02 | Encolar | Archer |
| 22:19 | Encolar | Villager (Male) |
| 22:23 | Investigar | Gold Mining |
| 22:33 | Construir | Watch Tower |
| 22:36 | Encolar | Archer |
Build order — digitallimao
Primeras 150 de 212 acciones detectadas
| 0:04 | Investigar | Loom |
| 0:07 | Construir | House |
| 0:09 | Construir | House |
| 0:35 | Encolar | Villager (Male) |
| 0:35 | Encolar | Villager (Male) |
| 0:35 | Encolar | Villager (Male) |
| 0:35 | Encolar | Villager (Male) |
| 0:36 | Encolar | Villager (Male) |
| 1:19 | Encolar | Villager (Male) |
| 1:27 | Construir | Lumber Camp |
| 1:47 | Encolar | Villager (Male) |
| 1:48 | Encolar | Villager (Male) |
| 2:24 | Encolar | Villager (Male) |
| 2:25 | Encolar | Villager (Male) |
| 2:31 | Encolar | Villager (Male) |
| 2:51 | Construir | House |
| 3:36 | Encolar | Villager (Male) |
| 3:51 | Encolar | Villager (Male) |
| 3:51 | Encolar | Villager (Male) |
| 4:27 | Encolar | Villager (Male) |
| 4:55 | Encolar | Villager (Male) |
| 4:55 | Encolar | Villager (Male) |
| 4:58 | Construir | House |
| 5:53 | Encolar | Villager (Male) |
| 5:53 | Encolar | Villager (Male) |
| 6:22 | Encolar | Villager (Male) |
| 6:23 | Encolar | Villager (Male) |
| 6:23 | Encolar | Villager (Male) |
| 6:42 | Construir | Mill |
| 6:56 | Encolar | Villager (Male) |
| 7:04 | Construir | Palisade Wall |
| 7:49 | Construir | House |
| 7:52 | Construir | Palisade Wall |
| 8:12 | Encolar | Villager (Male) |
| 8:42 | Construir | Town Center |
| 9:50 | Encolar | Villager (Male) |
| 9:50 | Encolar | Villager (Male) |
| 9:50 | Encolar | Villager (Male) |
| 9:51 | Encolar | Villager (Male) |
| 9:51 | Encolar | Villager (Male) |
| 9:51 | Encolar | Villager (Male) |
| 9:51 | Encolar | Villager (Male) |
| 10:13 | Encolar | Villager (Male) |
| 10:14 | Encolar | Villager (Male) |
| 10:59 | Encolar | Villager (Male) |
| 11:00 | Encolar | Villager (Male) |
| 11:32 | Construir | Palisade Wall |
| 11:37 | Construir | Palisade Wall |
| 11:38 | Construir | Palisade Wall |
| 11:40 | Construir | Palisade Wall |
| 11:42 | Construir | Palisade Wall |
| 11:54 | Encolar | Villager (Male) |
| 11:54 | Encolar | Villager (Male) |
| 12:23 | Construir | House |
| 12:44 | Construir | House |
| 12:46 | Encolar | Villager (Male) |
| 13:20 | Encolar | Villager (Male) |
| 13:20 | Encolar | Villager (Male) |
| 13:30 | Construir | House |
| 14:07 | Construir | House |
| 14:10 | Construir | House |
| 14:23 | Construir | Farm |
| 14:26 | Construir | Farm |
| 14:33 | Construir | Palisade Wall |
| 14:37 | Construir | House |
| 14:39 | Construir | House |
| 14:52 | Construir | House |
| 14:59 | Construir | Palisade Wall |
| 15:20 | Construir | Farm |
| 15:27 | Investigar | Feudal Age |
| 15:52 | Construir | Farm |
| 16:04 | Construir | Farm |
| 16:12 | Construir | Barracks |
| 16:34 | Encolar | Villager (Male) |
| 16:40 | Construir | Mining Camp |
| 17:07 | Construir | Outpost |
| 17:12 | Encolar | Villager (Male) |
| 17:33 | Construir | House |
| 17:36 | Construir | Palisade Wall |
| 17:37 | Edad | Edad Feudal |
| 17:47 | Investigar | Double-Bit Axe |
| 18:13 | Construir | Palisade Wall |
| 18:21 | Encolar | Villager (Male) |
| 19:02 | Construir | Market |
| 19:04 | Construir | Blacksmith |
| 19:21 | Encolar | Villager (Male) |
| 19:22 | Encolar | Villager (Male) |
| 19:32 | Construir | Archery Range |
| 20:18 | Investigar | Castle Age |
| 20:24 | Construir | Lumber Camp |
| 20:53 | Investigar | Scale Barding Armor |
| 20:56 | Construir | Stable |
| 21:18 | Encolar | Skirmisher |
| 21:18 | Encolar | Skirmisher |
| 21:26 | Construir | Watch Tower |
| 22:09 | Construir | Stable |
| 22:15 | Construir | Palisade Wall |
| 22:23 | Construir | House |
| 22:35 | Investigar | Bloodlines |
| 22:41 | Investigar | Bloodlines |
| 22:58 | Edad | Edad de los Castillos |
| 23:05 | Encolar | Knight |
| 23:05 | Encolar | Knight |
| 23:07 | Encolar | Knight |
| 23:25 | Encolar | Villager (Male) |
| 23:27 | Construir | Farm |
| 23:28 | Construir | Farm |
| 23:55 | Construir | Palisade Gate |
| 24:17 | Encolar | Villager (Male) |
| 24:17 | Encolar | Villager (Male) |
| 24:38 | Construir | Castle |
| 24:42 | Construir | Farm |
| 24:47 | Encolar | Villager (Male) |
| 24:48 | Encolar | Knight |
| 25:23 | Construir | House |
| 25:39 | Construir | Monastery |
| 25:41 | Encolar | Villager (Male) |
| 25:41 | Encolar | Villager (Male) |
| 26:30 | Encolar | Villager (Male) |
| 26:31 | Encolar | Villager (Male) |
| 26:31 | Encolar | Villager (Male) |
| 26:53 | Construir | Town Center |
| 27:12 | Encolar | Huskarl |
| 27:12 | Encolar | Huskarl |
| 27:22 | Encolar | Huskarl |
| 27:22 | Encolar | Huskarl |
| 27:41 | Encolar | Villager (Male) |
| 27:41 | Encolar | Villager (Male) |
| 28:39 | Encolar | Monk |
| 28:39 | Encolar | Monk |
| 29:14 | Encolar | Monk |
| 29:14 | Encolar | Monk |
| 29:19 | Investigar | Town Watch |
| 29:22 | Encolar | Villager (Male) |
| 29:22 | Encolar | Villager (Male) |
| 29:23 | Encolar | Villager (Male) |
| 29:41 | Construir | Outpost |
| 29:50 | Investigar | Scale Mail Armor |
| 30:11 | Encolar | Monk |
| 30:39 | Construir | Outpost |
| 31:01 | Encolar | Huskarl |
| 31:01 | Encolar | Huskarl |
| 31:30 | Investigar | Squires |
| 31:49 | Encolar | Villager (Male) |
| 31:56 | Construir | Siege Workshop |
| 32:00 | Encolar | Huskarl |
| 32:00 | Encolar | Huskarl |
| 32:03 | Construir | Farm |
| 32:06 | Construir | Farm |
| 32:07 | Construir | Farm |
Cronología de la partida
| 4:53 | WryPig · first_building Barracks |
| 7:04 | digitallimao · wall_segment Palisade Wall x2 |
| 7:52 | digitallimao · wall_segment Palisade Wall x7 |
| 11:32 | digitallimao · wall_segment Palisade Wall x1 |
| 11:37 | digitallimao · wall_segment Palisade Wall x1 |
| 11:38 | digitallimao · wall_segment Palisade Wall x1 |
| 11:40 | digitallimao · wall_segment Palisade Wall x1 |
| 11:42 | digitallimao · wall_segment Palisade Wall x1 |
| 11:43 | WryPig · age_up feudal |
| 11:48 | WryPig · first_building Archery Range |
| 14:33 | digitallimao · wall_segment Palisade Wall x1 |
| 14:59 | digitallimao · wall_segment Palisade Wall x1 |
| 16:12 | digitallimao · first_building Barracks |
| 17:36 | digitallimao · wall_segment Palisade Wall x1 |
| 17:37 | digitallimao · age_up feudal |
| 18:13 | digitallimao · wall_segment Palisade Wall x1 |
| 19:32 | digitallimao · first_building Archery Range |
| 20:56 | digitallimao · first_building Stable |
| 22:15 | digitallimao · wall_segment Palisade Wall x3 |
| 22:58 | digitallimao · age_up castle |
| 23:23 | WryPig · first_building Stable |
| 24:25 | WryPig · age_up castle |
| 24:25 | digitallimao · first_market_buy 100 stone |
| 24:38 | digitallimao · first_building Castle |
| 24:45 | digitallimao · first_market_sell 100 wood |
| 25:39 | digitallimao · first_building Monastery |
| 27:35 | WryPig · first_building Monastery |
| 31:56 | digitallimao · first_building Siege Workshop |
| 32:04 | WryPig · first_market_sell 100 food |
| 32:05 | WryPig · first_market_buy 100 stone |
| 32:12 | WryPig · first_building Castle |
| 32:45 | WryPig · wall_segment Stone Wall x1 |
| 42:33 | digitallimao · resign |
[ ANÁLISIS IA · 1 CRÉDITO ]
¿Qué pasó realmente en esta partida?
Wolo.gg analiza cada decisión: build order, eco, micro, errores típicos por bracket. Análisis personalizado por WhatsApp o Discord en 30 segundos.
Guía civ
Lituanos
Perfil
Jugador #4039792